 Dungeon Crawl Stone Soup version 0.30.1-9-gdf580d7c3d (webtiles) character file.

Game seed: 14547109216833794548

52490 monsoonserge the Peltast (level 14, -9/129 HPs)
             Began as a Hill Orc Fighter on Oct 14, 2023.
             Was a High Priest of Qazlal.
             Mangled by a titanic slime creature (87 damage)
             ... on level 12 of the Dungeon.
             The game lasted 01:07:50 (17388 turns).

monsoonserge the Peltast (Hill Orc Fighter)        Turns: 17388, Time: 01:07:50

Health: -9/129     AC: 15    Str: 30    XL:     14   Next: 64%
Magic:  19/19      EV: 13    Int: 18    God:    Qazlal [*****.]
Gold:   1352       SH: 26    Dex: 19    Spells: 13/13 levels left

rFire   . . .        k - +10 spear of Kuz Ceop {vamp, *Noise rPois Dex+4 Stlth+}
rCold   + + .        P - +0 kite shield
rNeg    . . .        Y - +0 acid dragon scales
rPois   +            w - +0 helmet
rElec   .            G - +0 cloak {Will+}
rCorr   +            (no gloves)
SInv    .            N - +2 pair of boots of Tadwat {Str+3}
Will    ++++.        r - amulet of reflection
Stlth   ++           B - ring of Wyiff {rC+ Will++}
HPRegen 0.41/turn    V - ring "Kuuri" {rC+ Str+4 Int+6 Dex+6}
MPRegen 0.16/turn

%: repel missiles, reflection
@: no status effects
A: claws 1, camouflage 1, clever 1
a: Renounce Religion, Upheaval, Elemental Force, Disaster Area


You were on level 12 of the Dungeon.
You worshipped Qazlal.
Qazlal was extremely pleased with you.
You visited 3 branches of the dungeon, and saw 18 of its levels.
You also visited: Bailey.

You collected 1386 gold pieces.
You spent 34 gold pieces at shops.

Inventory:

Hand Weapons
 k - the +10 spear of Kuz Ceop (weapon) {vamp, *Noise rPois Dex+4 Stlth+}
   (You found it on level 4 of the Dungeon)

   Dex:       It affects your dexterity (+4).
   rPois:     It protects you from poison.
   *Noise:    It may make noises in combat.
   Stlth:     It makes you more stealthy.
 T - a +5 broad axe
Missiles
 b - 12 javelins
 i - 3 throwing nets
 q - 9 silver javelins
 u - 2 curare-tipped darts
 D - 37 poisoned darts (quivered)
 R - 11 boomerangs
Armour
 w - a +0 helmet (worn)
 G - a +0 cloak of willpower (worn)
 N - the +2 pair of boots of Tadwat (worn) {Str+3}
   (You found it on level 5 of the Lair of Beasts)

   Str:       It affects your strength (+3).
 P - a +0 kite shield (worn)
 W - the +1 leather armour "Zedgh" {rF++ rCorr SInv Stlth+}
   (You found it on level 9 of the Dungeon)

   rF:        It greatly protects you from fire.
   SInv:      It lets you see invisible.
   rCorr:     It protects you from acid and corrosion.
   Stlth:     It makes you more stealthy.
 Y - +0 acid dragon scales (worn)
Jewellery
 r - an amulet of reflection (around neck)
 B - the ring of Wyiff (left claw) {rC+ Will++}
   (You found it on level 1 of the Lair of Beasts)

   [ring of protection from cold]

   rC:        It protects you from cold.
   Will:      It greatly increases your willpower.
 E - a ring of see invisible
 O - a +5 ring of evasion
 V - the ring "Kuuri" (right claw) {rC+ Str+4 Int+6 Dex+6}
   (You acquired it in a bailey)

   [ring of intelligence]

   Str:       It affects your strength (+4).
   Int:       It affects your intelligence (+6).
   Dex:       It affects your dexterity (+6).
   rC:        It protects you from cold.
Wands
 C - a wand of flame (23)
 I - a wand of paralysis (30)
 K - a wand of polymorph (14)
 M - a wand of quicksilver (7)
 U - a wand of roots (4)
Scrolls
 e - 17 scrolls of teleportation
 g - 3 scrolls of amnesia
 h - 6 scrolls of poison
 y - 3 scrolls of vulnerability
 z - 7 scrolls of enchant weapon
 A - 5 scrolls of fog
 F - 4 scrolls of magic mapping
 H - 5 scrolls of brand weapon
 J - 4 scrolls of butterflies
 L - 2 scrolls of enchant armour
 Q - 3 scrolls of silence
 S - 5 scrolls of fear
 Z - 3 scrolls of immolation {unknown}
Potions
 a - 3 potions of haste
 c - 2 potions of brilliance
 d - 2 potions of might
 f - 4 potions of flight {unknown}
 j - 6 potions of invisibility
 l - 8 potions of curing
 n - 2 potions of attraction {unknown}
 o - 2 potions of ambrosia
 p - 6 potions of heal wounds
 s - 5 potions of magic
 t - 3 potions of lignification
 v - 4 potions of cancellation
 X - 3 potions of berserk rage
Miscellaneous
 m - a box of beasts
 x - a condenser vane


   Skills:
 + Level 13.3 Fighting
 - Level 8.9(12.1) Axes
 - Level 11.0(12.0) Polearms
 + Level 2.8 Throwing
 + Level 10.6 Armour
 - Level 4.0 Dodging
 + Level 16.9 Shields
 + Level 7.3 Invocations
 + Level 2.0 Evocations


You had 13 spell levels left.
You didn't know any spells.
Your spell library contained the following spells:

 Spells                   Type           Power      Damage    Failure   Level
 Apportation              Tloc           0%         N/A       32%         1
 Beastly Appendage        Tmut           0%         N/A       32%         1
 Freeze                   Ice            0%         1d3       32%         1
 Magic Dart               Conj           0%         1d3       32%         1
 Necrotise                Necr           0%         1d4       32%         1
 Summon Small Mammal      Summ           0%         N/A       32%         1
 Ensorcelled Hibernation  Hex/Ice        0%         N/A       45%         2
 Scorch                   Fire           0%         2d5       45%         2
 Searing Ray              Conj           0%         2d4       45%         2
 Wereblood                Tmut           0%         N/A       45%         2
 Dazzling Flash           Conj/Hex       0%         N/A       69%         3
 Frozen Ramparts          Ice            0%         1d1       69%         3
 Hailstorm                Conj/Ice       0%         3d3       69%         3
 Spider Form              Tmut/Pois      0%         N/A       69%         3
 Vhi's Electric Charge    Tloc/Air       0%         N/A       69%         3
 Volatile Blastmotes      Fire/Tloc      0%         2d10      69%         3
 Anguish                  Hex/Necr       0%         N/A       97%         4
 Flame Wave               Conj/Fire      0%         2d4       97%         4
 Fulminant Prism          Conj/Hex       0%         3d5       97%         4
 Iskenderun's Mystic Bla  Conj/Tloc      0%         2d3       97%         4
 Arcjolt                  Conj/Air       0%         1d10      100%        5
 Lee's Rapid Deconstruct  Erth           0%         3d4*      100%        5
 Starburst                Conj/Fire      0%         6d3       100%        6
 Summon Cactus Giant      Summ           0%         N/A       100%        6
 Orb of Destruction       Conj           0%         9d5       100%        7
 Maxwell's Capacitive Co  Air            0%         ∞         100%        8
 Chain Lightning          Conj/Air       0%         N/A       100%        9


Dungeon Overview and Level Annotations

Branches:
Dungeon (12/15)            Temple (1/1) D:7            Lair (5/5) D:8
  Swamp (0/4) Lair:2        Snake (0/4) Lair:2        Slime (0/5) Lair:5
    Orc (0/2) D:12         Bailey (visited)

Altars:
Ashenzari
Cheibriados
Dithmenos
Elyvilon
Fedhas
Gozag
Hepliaklqana
Kikubaaqudgha
Makhleb
Nemelex Xobeh
Okawaru
Qazlal
Ru
Sif Muna
Trog
Uskayaw
Vehumet
Wu Jian
Xom
Yredelemnul
Zin
The Shining One
Jiyva

Shops:
D:10 *=((

Annotations:
Lair:3 1 runed translucent door, fireball365's ghost, journeyman HOFi


Innate Abilities, Weirdness & Mutations

You have sharp fingernails.
Your skin changes colour to match your surroundings (Stealth+).
Your mind is acute. (Int +4, Str/Dex -1)


Message History

You puncture the very large slime creature!
The very large slime creature is severely wounded.
A slime creature comes into view.
You barely miss the very large slime creature.
The very large slime creature is severely wounded.
You hit the very large slime creature.
The very large slime creature is severely wounded.
Two slime creatures merge to form an enormous slime creature.
A slime creature comes into view.
You impale the enormous slime creature!!
Your spear of Kuz Ceop suddenly shrieks!
The enormous slime creature is heavily wounded.
You puncture the enormous slime creature!
The enormous slime creature is severely wounded.
Two slime creatures merge to form a titanic slime creature.
Press: ? - help, v - describe, . - travel
Here: a titanic slime creature (heavily wounded)
The floor.
You puncture the titanic slime creature!
The titanic slime creature is heavily wounded.
You completely miss the titanic slime creature.
The titanic slime creature is heavily wounded.
You puncture the titanic slime creature!
The titanic slime creature is heavily wounded.
Press: ? - help, v - describe, . - travel
Here: a titanic slime creature (heavily wounded)
The floor.
You puncture the titanic slime creature!
The titanic slime creature is heavily wounded.
You puncture the titanic slime creature!
The titanic slime creature is severely wounded.
The titanic slime creature hits you!!!
You puncture the titanic slime creature!
The titanic slime creature is severely wounded.
You puncture the titanic slime creature!
The titanic slime creature is severely wounded.
A slime creature comes into view.
The titanic slime creature hits you!!!!
Ouch! That really hurt!
You die...

# ####J#
#.@J.# #.####
. ##.# #
##..####### #
#.........# #
#.........# #
#.##.........#
#
#.##.........#
#
#.##.........#


You could see a titanic slime creature and a slime creature.

Vanquished Creatures
  An orc warlord (Bailey)
  3 hydras
  3 boulder beetles
  2 catoblepae (Lair:5)
  A deep troll shaman (Lair:5)
  5 two-headed ogres
  11 death yaks
  Sonja (Lair:1)
  Nergalle (D:12)
  3 skysharks
  An obsidian statue (D:10)
  2 lindwurms
  A deep elf pyromancer (D:9)
  2 ugly things
  A manticore (D:12)
  16 elephants
  Joseph (D:8)
  Maurice (D:8)
  2 black mambas (Lair:4)
  A gargoyle (D:12)
  9 cane toads
  An unseen horror (D:11)
  6 komodo dragons
  2 rime drakes
  3 polar bears
  4 trolls
  A meliai (D:9)
  3 hornets
  Prince Ribbit (D:7)
  4 blink frogs
  2 water elementals (D:12)
  A vampire (D:11)
  A wraith (D:9)
  49 yaks
  10 wyverns
  3 basilisks
  A steam dragon (D:8)
  Menkaure (D:6)
  3 vampire mosquitoes (D:12)
  An acid dragon (D:11)
  A naga (Lair:2)
  11 water moccasins
  6 orc warriors
  2 black bears
  A sky beast (D:7)
  2 ice beasts
  4 centaurs
  5 wolves (Lair:5)
  2 ogres
  A phantom (D:5)
  4 kobold brigands
  9 bullfrogs
  4 scorpions
  4 gnoll sergeants
  11 wights
  4 killer bees (D:9)
  A howler monkey (D:12)
  6 electric eels (D:12)
  3 hounds
  5 jellies
  6 orc priests
  A sleepcap (D:7)
  Ijyb (D:3)
  2 iguanas (D:5)
  8 orc wizards
  16 gnolls
  6 adders
  3 worms (D:3)
  5 dart slugs
  42 orcs
  6 endoplasms
  A giant cockroach (D:1)
  9 goblins
  5 hobgoblins
  2 jackals (D:3)
  22 kobolds
  3 quokkas
  9 ball pythons
  4 bats
  5 rats
407 creatures vanquished.

Vanquished Creatures (others)
  An orc wizard (D:9)
1 creature vanquished.

Grand Total: 408 creatures vanquished

Notes
Turn   | Place    | Note
-------+----------+-------------------------------------------
     0 | D:1      | monsoonserge the Hill Orc Fighter began the quest for the
                  | Orb.
     0 | D:1      | Reached XP level 1. HP: 19/19 MP: 1/1
   176 | D:1      | Reached XP level 2. HP: 24/27 MP: 2/2
   553 | D:1      | Reached XP level 3. HP: 33/33 MP: 3/3
  1407 | D:3      | Found a shadowy altar of Dithmenos.
  1667 | D:3      | Reached XP level 4. HP: 12/40 MP: 4/4
  1896 | D:3      | Noticed Ijyb
  1897 | D:3      | Found an iron altar of Okawaru.
  1911 | D:3      | Killed Ijyb
  1990 | D:3      | Reached XP level 5. HP: 47/47 MP: 5/5
  2134 | D:3      | Noticed a moth of wrath
  2137 | D:3      | Found a bloodstained altar of Trog.
  2593 | D:4      | Noticed an ogre
  2594 | D:4      | Noticed a black bear
  2689 | D:4      | Noticed an ice beast
  2740 | D:4      | Reached skill level 5 in Axes
  2850 | D:4      | Noticed a kobold brigand
  2865 | D:4      | Killed a kobold brigand
  2866 | D:4      | Reached skill level 4 in Shields
  2866 | D:4      | Reached XP level 6. HP: 38/53 MP: 6/6
  3267 | D:4      | Reached skill level 5 in Armour
  3267 | D:4      | Reached XP level 7. HP: 44/60 MP: 7/7
  3386 | D:4      | Reached skill level 1 in Throwing
  3386 | D:4      | Reached skill level 1 in Dodging
  3418 | D:4      | You fall into a shaft and drop 1 floor!
  3418 | D:5      | Entered Level 5 of the Dungeon
  3456 | D:5      | Noticed a wyvern
  3570 | D:5      | Reached skill level 5 in Fighting
  3615 | D:5      | Reached XP level 8. HP: 61/68 MP: 8/8
  3861 | D:4      | Identified the +10 spear of Kuz Ceop {vamp, *Noise rPois
                  | Dex+4 Stlth+}
  3917 | D:4      | Reached skill level 5 in Shields
  4383 | D:5      | Reached skill level 1 in Polearms
  4487 | D:5      | Killed a wyvern
  4488 | D:5      | Reached skill level 1 in Evocations
  4647 | D:6      | Found a blossoming altar of Fedhas.
  4647 | D:6      | Found a hazy altar of Hepliaklqana.
  4651 | D:6      | Found a snail-covered altar of Cheibriados.
  4709 | D:6      | Reached XP level 9. HP: 73/78 MP: 9/9
  5208 | D:6      | Got the Dissertation on Flammable Power
  5353 | D:6      | Noticed Menkaure
  5357 | D:6      | Killed Menkaure
  5491 | D:7      | Found a staircase to the Ecumenical Temple.
  5527 | Temple   | Entered the Ecumenical Temple
  5725 | Temple   | Became a worshipper of Qazlal Stormbringer
  5761 | D:7      | Noticed a two-headed ogre
  5770 | D:7      | Killed a two-headed ogre
  5771 | D:7      | Reached skill level 5 in Polearms
  6270 | D:7      | Reached skill level 6 in Shields
  6440 | D:7      | Reached XP level 10. HP: 57/86 MP: 10/10
  6542 | D:8      | Noticed Prince Ribbit
  6558 | D:7      | Killed Prince Ribbit
  6565 | D:7      | Reached * piety under Qazlal
  6837 | D:8      | Reached skill level 7 in Shields
  6984 | D:8      | Noticed Joseph
  6997 | D:8      | Noticed a two-headed ogre
  6999 | D:8      | Noticed Maurice
  7045 | D:9      | Noticed a two-headed ogre
  7055 | D:9      | Killed a two-headed ogre
  7167 | D:9      | Found a broken altar of Ashenzari.
  7323 | D:9      | Found a transporter.
  7326 | D:9      | Noticed a deep elf pyromancer
  7415 | D:9      | Found a hide-covered altar of Uskayaw.
  7434 | D:9      | Reached skill level 8 in Shields
  7647 | D:9      | Found a transporter.
  7660 | D:9      | Noticed a two-headed ogre
  7668 | D:9      | Killed a two-headed ogre
  7751 | D:9      | Reached XP level 11. HP: 93/94 MP: 11/11
  7836 | D:10     | Entered Level 10 of the Dungeon
  7851 | D:10     | Found Wirhy's Weapon Shop.
  7872 | D:10     | Found a sparkling altar of Nemelex Xobeh.
  7887 | D:10     | Found Benuluim's Jewellery Shoppe.
  7913 | D:10     | Reached ** piety under Qazlal
  7989 | D:10     | Noticed a two-headed ogre
  7989 | D:10     | Noticed a boulder beetle
  8014 | D:10     | Killed a two-headed ogre
  8015 | D:10     | Reached skill level 1 in Invocations
  8019 | D:10     | Reached skill level 9 in Shields
  8029 | D:10     | Killed a boulder beetle
  8030 | D:10     | Reached skill level 10 in Polearms
  8084 | D:10     | Found Peynas's Antique Weapon Emporium.
  8162 | D:10     | Found Qeza Mua's Assorted Antiques.
  8198 | D:10     | Bought a scroll labelled URUGEEKLIE for 17 gold pieces
  8198 | D:10     | Bought a scroll labelled ISIKIA GUWK for 17 gold pieces
  8212 | D:10     | Found a flagged portal.
  8219 | Bailey   | Entered a bailey
  8228 | Bailey   | Noticed an orc warlord
  8306 | Bailey   | Found a runed translucent gate.
  8308 | Bailey   | Found a runed translucent gate.
  8311 | Bailey   | Identified the +1 quarterstaff "Ultimatum" {flame, rPois
                  | rC+ Int+4}
  8389 | Bailey   | Found a runed translucent gate.
  8443 | Bailey   | Killed an orc warlord
  8443 | Bailey   | Reached *** piety under Qazlal
  8476 | Bailey   | Acquired the ring "Kuuri" {rC+ Str+4 Int+6 Dex+6}
  8678 | D:10     | Found a shimmering altar of Xom.
  8707 | D:10     | Noticed an obsidian statue
  8709 | D:10     | Noticed a sun demon
  8711 | D:10     | Gained mutation: You occasionally lose the ability to read
                  | scrolls when taking damage. [a neqoxec]
  8716 | D:10     | Noticed a sixfirhy
  8723 | D:10     | Gained mutation: You are clumsy. (Dex -2) [a neqoxec]
  8727 | D:10     | Killed an obsidian statue
  8738 | D:10     | Lost mutation: You are clumsy. (Dex -2) [potion of
                  | mutation]
  8738 | D:10     | Lost mutation: You occasionally lose the ability to read
                  | scrolls when taking damage. [potion of mutation]
  8738 | D:10     | Gained mutation: You have sharp fingernails. [potion of
                  | mutation]
  8738 | D:10     | Gained mutation: Your skin changes colour to match your
                  | surroundings (Stealth+). [potion of mutation]
  8738 | D:10     | Gained mutation: Your mind is acute. (Int +4, Str/Dex -1)
                  | [potion of mutation]
  9051 | D:11     | Paralysed by an orc warrior for 5 turns
  9285 | D:11     | Noticed a boulder beetle
  9312 | D:11     | Killed a boulder beetle
  9313 | D:11     | Reached skill level 10 in Shields
  9358 | D:11     | Noticed a red ugly thing
  9488 | D:11     | Killed a red ugly thing
  9976 | D:9      | Killed a two-headed ogre
  9977 | D:9      | Reached XP level 12. HP: 95/104 MP: 15/15
 10340 | D:8      | Found a staircase to the Lair.
 10364 | D:8      | Killed Maurice
 10787 | D:8      | Killed Joseph
 10974 | Lair:1   | Entered Level 1 of the Lair of Beasts
 11023 | Lair:1   | Reached skill level 5 in Invocations
 11150 | Lair:1   | Noticed Sonja
 11195 | Lair:1   | Identified the ring of Wyiff {rC+ Will++}
 11684 | Lair:2   | Reached skill level 11 in Shields
 11883 | Lair:2   | Found a staircase to the Swamp.
 11953 | Lair:2   | Reached **** piety under Qazlal
 12010 | Lair:2   | Found a staircase to the Snake Pit.
 12035 | Lair:2   | Reached skill level 10 in Fighting
 12886 | Lair:3   | Found a runed translucent door.
 12887 | Lair:3   | Found a shimmering altar of Xom.
 12887 | Lair:3   | Noticed fireball365's ghost (journeyman HOFi)
 12888 | Lair:3   | Identified the +1 dire flail of Gallantry {chaos, Dex+3}
 13030 | Lair:3   | Reached skill level 12 in Shields
 13085 | Lair:3   | Identified the +7 quarterstaff "Riavyphi" {heavy, *Slow
                  | Will+++ Int+5}
 13327 | Lair:4   | Noticed a skyshark
 13327 | Lair:4   | Noticed a skyshark
 13472 | Lair:4   | Reached XP level 13. HP: 112/114 MP: 18/18
 13605 | Lair:4   | Reached skill level 10 in Armour
 13630 | Lair:4   | Reached skill level 13 in Shields
 14197 | Lair:5   | Entered Level 5 of the Lair of Beasts
 14553 | Lair:5   | Reached skill level 14 in Shields
 14640 | Lair:4   | Reached ***** piety under Qazlal
 14762 | Lair:5   | Identified the +2 pair of boots of Tadwat {Str+3}
 14890 | Lair:5   | Reached skill level 15 in Shields
 15094 | Lair:5   | Found a viscous altar of Jiyva.
 15097 | Lair:5   | Found a staircase to the Slime Pits.
 15337 | Lair:4   | Reached XP level 14. HP: 107/126 MP: 19/19
 15619 | Lair:5   | Reached skill level 16 in Shields
 16228 | Lair:1   | Killed Sonja
 16505 | D:9      | Identified the +1 leather armour "Zedgh" {rF++ rCorr SInv
                  | Stlth+}
 16923 | D:12     | Found a staircase to the Orcish Mines.
 16928 | D:12     | Noticed Nergalle
 16945 | D:12     | Killed Nergalle
 17388 | D:12     | Mangled by a titanic slime creature

Illustrated notes

Levels and vault maps discovered:
D:1:      heliophobic_arrival_enchanted_forest, layout_loops_cross,
          minmay_misc_feat_encased
D:2:      layout_loops_cross, roderic_serpentine_path
D:3:      layout_basic, mainiacjoe_overflow_brackets, lemuel_tele_altar,
          tgw_trog, small_statue_intersection, uniq_ijyb
D:4:      layout_loops_corners
D:5:      layout_basic
D:6:      layout_basic, minitemple, uniq_menkaure
D:7:      layout_basic, minmay_temple_entry_sparse_star
D:8:      layout_layer_cave, lair_entry_dummy, uniq_maurice,
          uniq_prince_ribbit1, uniq_joseph
D:9:      gammafunk_the_bubble [the_bubble_gammafunk_plus_minus],
          layout_loops_cross, kennysheep_mini_moat, nicolae_ashenzari_panopticon
D:10:     layout_rooms, mainiacjoe_overflow_catwalk,
          nemelex_diamond_rough_becter, serial_shops,
          nicolae_shop_hallway_stairs, shop, shop, shop, enter_bailey_3,
          minivault_16, minmay_fractal_squares_5
D:11:     layout_rooms, hex_large, minmay_misc_feat_room
D:12:     layout_basic, orc_0_dummy, uniq_nergalle, uniq_frances
Temple:   minmay_temple_bridge_abc
Lair:1:   layout_chaotic_city, uniq_sonja
Lair:2:   layout_chaotic_city, minmay_swamp_entry_eels,
          guppyfry_snake_entry_island
Lair:3:   layout_regular_city, ebering_ghost_xom, grunt_megastairs_5
Lair:4:   beargit_carnivore_pack, layout_gridlike, pdpol_lair_neglected_garden,
          st_stairs_12
Lair:5:   grunt_lair_end_beastmaster, layout_cave_pods,
          nicolae_slime_entry_field_trip

Skill      XL: |  1  2  3  4  5  6  7  8  9 10 11 12 13 14 |
---------------+-------------------------------------------+-----
Axes           | 3 4 5 6 8 |  8.9
Fighting       | 4 5 6 7 8 9 10 12 13 | 13.3
Armour         | 4 5 6 7 8 9 10 | 10.6
Shields        | 4 5 6 8 10 12 15 16 | 16.9
Throwing       | 1 2 |  2.8
Dodging        | 1 3 4 |  4.0
Polearms       | 2 7 9 10 11 | 11.0
Evocations     | 1 2 |  2.0
Invocations    | 4 6 7 |  7.3

Action                     |  1- 3 |  4- 6 |  7- 9 | 10-12 | 13-15 || total
---------------------------+-------+-------+-------+-------+-------++-------
  Melee: War axe           |    79 |   109 |    84 |       |       ||   272
         Spear             |       |       |   168 |   669 |   746 ||  1583
  Throw: Dart              |       |    10 |     2 |    14 |     1 ||    27
         Boomerang         |       |       |       |       |     4 ||     4
 Invoke: Upheaval          |       |       |       |       |     4 ||     4
  Evoke: Wand              |       |       |     1 |       |       ||     1
    Use: Potion            |       |     2 |       |     1 |       ||     3
         Scroll            |       |       |    15 |     9 |     2 ||    26
   Stab: Petrified         |       |       |       |       |    12 ||    12
         Distracted        |       |       |       |       |     1 ||     1
         Petrifying        |       |       |       |       |     1 ||     1
 Armour: Scale mail        |    31 |    23 |       |       |       ||    54
         Chain mail        |       |     7 |    74 |    49 |       ||   130
         Acid dragon scale |       |       |       |    28 |    88 ||   116
  Dodge: Dodged            |    30 |    41 |    75 |   126 |    91 ||   363
         Repelled          |       |       |       |       |     5 ||     5
  Block: Buckler           |    30 |    49 |    81 |       |       ||   160
         Reflection        |       |     2 |     2 |    21 |     9 ||    34
         Kite shield       |       |       |    14 |   356 |   499 ||   869
